 Dungeon Crawl Stone Soup version 0.18.1-1-g2f07953 (webtiles) character file.

532 oplop the Changer (level 7, 0/43 HPs)
             Began as an Octopode Transmuter on May 6, 2016.
             Splashed by a jelly's acid (11 damage)
             ... on level 5 of the Dungeon.
             The game lasted 00:08:36 (3896 turns).

oplop the Changer (Octopode Transmuter)             Turns: 3896, Time: 00:08:37

Health: 0/43       AC: -3    Str:  9    XL:     7   Next: 24%
Magic:  5/12       EV: 13    Int: 18    God:
Gold:   135        SH:  0    Dex: 12    Spells: 4 memorised, 3 levels left

rFire  . . .     SeeInvis +       - Unarmed
rCold  . . .     Gourm    .     (no shield)
rNeg   . . .     Faith    .     (helmet restricted)
rPois  .         Spirit   .     (no amulet)
rElec  .         Dismiss  .     l - ring of see invisible
rCorr  .         Reflect  .     (no ring)
SustAt .         Harm     .     (no ring)
MR     .....                    (no ring)
Stlth  ++........               (no ring)
                                (no ring)
                                (no ring)
                                (no ring)

@: corroded, very slightly contaminated, not resistant to hostile enchantments,
unstealthy
A: almost no armour, amphibious, 8 rings, constrict 8, camouflage 1, gelatinous
body 1
a: no special abilities


You were on level 5 of the Dungeon.
You were not hungry.

You visited 1 branch of the dungeon, and saw 6 of its levels.

You collected 135 gold pieces.

Inventory:

Missiles
 a - 80 arrows
Jewellery
 l - a ring of see invisible (left tentacle)
Scrolls
 e - a scroll of noise
 m - a scroll of amnesia
 o - 3 scrolls of enchant armour {unknown}
 t - a scroll of teleportation
 u - 2 scrolls of remove curse
Potions
 h - 3 potions of curing
 i - 2 potions of cancellation {unknown}
 j - 2 potions of lignification {unknown}
 n - 2 potions of flight {unknown}
 p - a potion of magic {unknown}
 q - a potion of mutation {unknown}
 s - a potion of berserk rage {unknown}
 v - 3 potions of beneficial mutation {unknown}
 x - a potion of might {unknown}
 A - 2 potions of invisibility {unknown}
Books
 b - a book of Changes

   Spells                             Type                      Level
   a - Beastly Appendage              Transmutation                1
   b - Sticks to Snakes               Transmutation                2
   c - Spider Form                    Transmutation/Poison         3
   d - Ice Form                       Ice/Transmutation            4
   e - Blade Hands                    Transmutation                5
Comestibles
 c - 4 bread rations
 d - a meat ration
 f - 3 fruits
 k - 3 chunks of flesh
 z - a slice of pizza


   Skills:
 + Level 1.4 Fighting
 - Level 4.0 Dodging
 - Level 3.0 Unarmed Combat
 + Level 3.8 Spellcasting
 * Level 5.4 Transmutations
 + Level 0.8 Ice Magic


You had 3 spell levels left.
You knew the following spells:

 Your Spells              Type           Power        Failure   Level  Hunger
a - Beastly Appendage     Trmt           ###...       1%          1    None
b - Sticks to Snakes      Trmt           ###.....     2%          2    ##.....
c - Spider Form           Trmt/Pois      ##........   17%         3    ###....
d - Ice Form              Ice/Trmt       ##......     41%         4    ####...


Dungeon Overview and Level Annotations

Branches:
Dungeon (6/15)             Temple (0/1) D:5

Altars:
Cheibriados
Makhleb
Ru

Annotations:
D:6 exclusion: ice beast


Innate Abilities, Weirdness & Mutations

You cannot wear most types of armour.
You are amphibious.
You can wear up to eight rings at the same time.
You can use your tentacles to constrict eight enemies at once.
Your skin changes colour to match your surroundings (Stealth).
Your rubbery body absorbs attacks (AC +1).


Message History

You kill the sky beast!
You hear a slurping noise.
The jelly hits you.
You are splashed with acid!
The acid burns!
* * * LOW HITPOINT WARNING * * *
Unknown command.
You swap places.
Your ball python bites the jelly.
Your ball python is burned by acid!
The jelly closely misses your ball python.
Your ball python bites the jelly.
Your ball python is burned by acid!
Your ball python withers and dies!
Items here: ( )) รท a mace; a hand axe; 3 tomahawks; an orc skeleton
Casting: Sticks to Snakes
Confirm with . or Enter, or press ? or * to list all spells.
You miscast Sticks to Snakes.
You are very lightly contaminated with residual magic.
You smell something strange.
The jelly hits you.
* * * LOW HITPOINT WARNING * * *
You are splashed with acid!
The acid corrodes you!
The acid burns!
You die...

*** *****### *****,*******,,,,..#
***** ,,,,,,,,,,,,,,***#[# *,,,,
*****,********* #.# *,*** *,* #.#
*,* * * ***,*
#####.#######***,*** ***,,,*
#..@J).......,,,,,**
,**,*,*#######>###..#######**,,**
*,*,*,,....................,,,,**
,**,***#!...........#######**,,*
***,* #.#####.##...#####** *,,*
,**,****,#................* *,,*
,*,,,,,....######...#####.* *,,*
,,,,,,,..,,* #...# *,* *,,*
,,*,****,****** #...#****,***,,*


You could see a jelly.

Vanquished Creatures
  A sky beast (D:5)
  A giant frog (D:4)
  A hound (D:3)
  A giant frog skeleton (D:4)
  Terence (D:3)
  2 worker ants
  Robin (D:3)
  3 adders (D:2)
  2 worms
  A dart slug (D:1)
  2 giant geckos
  10 orcs
  3 giant cockroaches
  20 goblins
  7 hobgoblins
  2 jackals (D:2)
  3 quokkas
  7 bats
  A giant newt (D:2)
  9 kobolds
  5 rats
83 creatures vanquished.

Vanquished Creatures (collateral kills)
  An ogre (D:4)
  An orc priest (D:4)
  Ijyb (D:3)
  2 adders
  A giant gecko (D:4)
  An orc (D:3)
  A ball python (D:4)
8 creatures vanquished.

Grand Total: 91 creatures vanquished

Notes
Turn   | Place    | Note
--------------------------------------------------------------
     0 | D:1      | oplop the Octopode Transmuter began the quest for the Orb.
     0 | D:1      | Reached XP level 1. HP: 13/13 MP: 3/3
    31 | D:1      | Reached XP level 2. HP: 11/18 MP: 5/5
   252 | D:1      | You fall through a shaft!
   409 | D:2      | Learned a level 2 spell: Sticks to Snakes
   425 | D:2      | Reached XP level 3. HP: 16/23 MP: 2/6
  1052 | D:2      | HP: 1/23 [adder (4)]
  1109 | D:1      | Reached skill level 3 in Transmutations
  1382 | D:1      | Reached XP level 4. HP: 20/28 MP: 5/7
  1894 | D:3      | Noticed Ijyb
  1897 | D:3      | Paralysed by Ijyb for 6 turns
  1922 | D:3      | Killed Ijyb
  1922 | D:3      | Reached XP level 5. HP: 17/33 MP: 5/9
  2232 | D:3      | Found a snail-covered altar of Cheibriados.
  2232 | D:3      | Found a burning altar of Makhleb.
  2373 | D:4      | Noticed an ogre
  2399 | D:3      | Learned a level 3 spell: Spider Form
  2663 | D:3      | Reached skill level 4 in Transmutations
  2762 | D:3      | Found a sacrificial altar of Ru.
  2767 | D:3      | Noticed Terence
  2777 | D:3      | Killed Terence
  2915 | D:3      | Noticed Robin
  2935 | D:3      | Killed Robin
  3045 | D:4      | Reached XP level 6. HP: 11/38 MP: 5/10
  3051 | D:4      | HP: 1/38 [giant frog skeleton (7)]
  3420 | D:4      | Reached skill level 5 in Transmutations
  3659 | D:4      | Noticed an orc warrior
  3754 | D:3      | You fall through a shaft for 3 floors!
  3805 | D:6      | Noticed an ice beast
  3812 | D:6      | Learned a level 4 spell: Ice Form
  3822 | D:5      | Entered Level 5 of the Dungeon
  3874 | D:5      | Reached XP level 7. HP: 30/43 MP: 6/12
  3896 | D:5      | Splashed by a jelly's acid

Skill      XL: |  1  2  3  4  5  6 |
---------------+-------------------+-----
Transmutations | 3 4 5 |  5.4
Dodging        | 3 4 |  4.0
Spellcasting   | 3 |  3.8
Fighting       | |  1.4
Unarmed Combat | |  3.0
Ice Magic      | |  0.8

Action                   |  1- 3 |  4- 6 |  7- 9 || total
-------------------------+-------+-------+-------++-------
Melee: Unarmed           |    85 |   151 |     5 ||   241
       Constrict         |    23 |    14 |       ||    37
       Tentacles         |    15 |    11 |       ||    26
       Punch             |     1 |       |       ||     1
       Kick              |    10 |     8 |       ||    18
 Cast: Beastly Appendage |     9 |     7 |       ||    16
       Sticks to Snakes  |     2 |    23 |     1 ||    26
       Spider Form       |       |    13 |       ||    13
  Use: Potion            |     1 |     1 |       ||     2
       Scroll            |       |    10 |       ||    10
 Stab: Sleeping          |     5 |     6 |       ||    11
       Distracted        |       |     2 |       ||     2
  Eat: Chunk             |     2 |     9 |       ||    11
       Beef jerky        |       |     1 |       ||     1
Armor: Skin              |    12 |    13 |     1 ||    26
Dodge: Dodged            |    51 |   113 |     4 ||   168
